 Dungeon Crawl Stone Soup version 0.29.1-2-gbd0b4ee654 (webtiles) character file.

Game seed: 6589756613468859693

168457 croobank the Summoner (level 17, -2/111 (137) HPs)
             Began as a Demonspawn Conjurer on Nov 21, 2022.
             Was an Initiate of Gozag.
             Succumbed to an emperor scorpion's poison
             ... on level 4 of the Spider Nest.
             The game lasted 03:51:36 (53079 turns).

croobank the Summoner (Demonspawn Conjurer)        Turns: 53079, Time: 03:51:36

HP:   -2/111 (137)  AC: 23    Str:  6 (7)  XL:     17   Next: 33%
MP:   24/31         EV: 16    Int: 37      God:    Gozag
Gold: 6958          SH: 12    Dex: 13 (15) Spells: 3/36 levels left

rFire   + + .      SeeInvis +   v - +9 quick blade (vorpal)
rCold   + + +      Faith    .   J - +2 shield of Resistance {rF++ rC++ Will++}
rNeg    . . .      Spirit   .   B - +2 robe "Voerhilu" {+Inv Int+3 Dex+3}
rPois   .          Reflect  .   (helmet unavailable)
rElec   +          Harm     .   O - +1 cloak
rCorr   .          Rampage  .   w - +2 pair of gloves
Will    ++++.                   g - +1 pair of boots
Stlth   +++.......              P - amulet of the Firefly {RegenMP rElec rC+ Will+}
HPRegen 0.28/turn               R - ring of see invisible
MPRegen 0.62/turn               K - +6 ring of intelligence

@: lethally poisoned (-2 -> -26), sanguine armoured, very slightly contaminated,
heavily drained
A: horns 3, sanguine armour 3, demonic magic 2
a: Renounce Religion, Evoke Invisibility, Potion Petition, Call Merchant, Bribe
Branch


You were on level 4 of the Spider Nest.
You worshipped Gozag.
Gozag was greatly pleased with you.
You visited 5 branches of the dungeon, and saw 27 of its levels.
You also visited: Sewer, Gauntlet and Ice Cave.

You collected 11942 gold pieces.
You spent 2524 gold pieces at shops.
You paid 2460 gold pieces to Gozag.

Inventory:

Hand Weapons
 s - a +2 scimitar of flaming
 u - the +8 frozen axe "Frostbite" {freezing cloud, *Noise Fly rC+}
   (You took it off a minotaur in a Gauntlet)

   It freezes those it strikes, dealing additional cold damage.
   It can also slow down cold-blooded creatures.
   It occasionally leaves clouds of freezing vapour upon striking a foe.
   It grants immunity to clouds of freezing vapour.
   rC:        It protects you from cold.
   Fly:       It grants you flight.
   *Noise:    It may make noises in combat.
 v - a +9 vorpal quick blade (weapon)
Missiles
 l - 10 javelins (quivered)
 t - 2 throwing nets
Armour
 g - a +1 pair of boots (worn)
 w - a +2 pair of gloves (worn)
 B - the +2 robe "Voerhilu" (worn) {+Inv Int+3 Dex+3}
   (You bought it in a shop on level 2 of the Orcish Mines)

   Int:       It affects your intelligence (+3).
   Dex:       It affects your dexterity (+3).
   +Inv:      It lets you turn invisible.
 G - a +3 leather armour of cold resistance
 J - the +2 shield of Resistance (worn) {rF++ rC++ Will++}
   (You acquired it on level 3 of the Spider Nest)

   rF:        It greatly protects you from fire.
   rC:        It greatly protects you from cold.
   Will:      It greatly increases your willpower.
 O - a +1 cloak (worn)
Jewellery
 i - a +4 ring of protection
 j - a ring of flight
 k - an amulet of reflection
 o - the ring "Vanleifi" {rC- Str+6 Int+3 Slay-5 Stlth+}
   (You found it in a Gauntlet)

   [ring of strength]

   Str:       It affects your strength (+6).
   Int:       It affects your intelligence (+3).
   Slay:      It affects your accuracy & damage with ranged weapons and melee
   (-5).
   rC:        It makes you vulnerable to cold.
   Stlth:     It makes you more stealthy.
 q - a +6 ring of strength
 D - a ring of wizardry
 K - a +6 ring of intelligence (right hand)
 N - the ring "Siqakept" {rF+ rN+ Will+ rCorr Int-2}
   (You acquired it on level 9 of the Dungeon)

   [ring of positive energy]

   Int:       It affects your intelligence (-2).
   rF:        It protects you from fire.
   rN:        It protects you from negative energy.
   rCorr:     It protects you from acid and corrosion.
   Will:      It increases your willpower.
 P - the amulet of the Firefly (around neck) {RegenMP rElec rC+ Will+}
   (You found it on level 2 of the Lair of Beasts)

   [amulet of magic regeneration]

   It increases your rate of magic regeneration.
   rC:        It protects you from cold.
   rElec:     It insulates you from electricity.
   Will:      It increases your willpower.
 Q - a +6 ring of dexterity
 R - a ring of see invisible (left hand)
 W - an amulet of regeneration
 X - a +4 ring of evasion
Wands
 x - a wand of flame (24)
 y - a wand of acid (15)
 E - a wand of digging (14)
 H - a wand of paralysis (28)
 T - a wand of iceblast (10)
Scrolls
 b - a scroll of magic mapping
 e - 4 scrolls of silence
 h - a scroll of brand weapon
 A - 2 scrolls of teleportation
 F - 3 scrolls of blinking
 I - 4 scrolls of vulnerability
 L - 6 scrolls of amnesia
 M - 2 scrolls of fear
Potions
 c - 7 potions of attraction
 d - 4 potions of lignification
 f - 3 potions of resistance
 m - 5 potions of haste
 n - 6 potions of heal wounds
 p - 15 potions of curing
 r - 6 potions of brilliance
 z - 2 potions of cancellation
 S - 2 potions of berserk rage
 U - a potion of flight
 V - 5 potions of mutation
Miscellaneous
 a - a phantom mirror
 Z - a phial of floods


   Skills:
 + Level 13.2 Fighting
 - Level 8.0 Short Blades
 + Level 12.2 Dodging
 - Level 5.8 Stealth
 + Level 8.0 Shields
 - Level 10.0 Spellcasting
 - Level 10.0 Conjurations
 - Level 8.0 Hexes
 - Level 14.0 Summonings
 - Level 7.0 Translocations
 - Level 3.0 Transmutations
 - Level 5.0 Ice Magic


You had 3 spell levels left.
You knew the following spells:

 Your Spells              Type           Power      Damage    Failure   Level
a - Magic Dart            Conj           100%       1d8       1%          1
b - Searing Ray           Conj           100%       2d8       1%          2
c - Dazzling Flash        Conj/Hex       100%       N/A       1%          3
d - Iskenderun's Mystic   Conj/Tloc      69%        2d14      1%          4
e - Frozen Ramparts       Ice            100%       1d16      1%          3
f - Summon Mana Viper     Hex/Summ       79%        N/A       1%          5
g - Summon Ice Beast      Ice/Summ       73%        N/A       1%          4
h - Summon Cactus Giant   Summ           44%        N/A       2%          6
i - Wereblood             Tmut           40%        N/A       2%          2
j - Mephitic Cloud        Conj/Pois/Air  43%        N/A       4%          3

Your spell library contained the following spells:

 Spells                   Type           Power      Damage    Failure   Level
 Freeze                   Ice            100%       1d11      1%          1
 Ensorcelled Hibernation  Hex/Ice        100%       N/A       1%          2
 Portal Projectile        Hex/Tloc       100%       N/A       1%          3
 Stone Arrow              Conj/Erth      100%       3d13      1%          3
 Tukima's Dance           Hex            67%        N/A       1%          3
 Passwall                 Tmut/Erth      24%        N/A       4%          2
 Sandblast                Erth           36%        2d10      5%          1
 Poisonous Vapours        Pois/Air       36%        N/A       8%          2
 Scorch                   Fire           36%        2d7       8%          2
 Sublimation of Blood     Necr           18%        N/A       8%          2
 Spider Form              Tmut/Pois      29%        N/A       9%          3
 Ignite Poison            Fire/Tmut/Pois 25%        N/A       11%         3
 Vampiric Draining        Necr           18%        2d7       16%         3
 Fulminant Prism          Conj/Hex       35%        3d18      1%          4
 Hailstorm                Conj/Ice       65%        3d14      2%          4
 Iskenderun's Battlesphe  Conj           75%        2d12      2%          5
 Flame Wave               Conj/Fire      53%        2d13      7%          4
 Anguish                  Hex/Necr       24%        N/A       10%         4
 Ice Form                 Ice/Tmut       48%        N/A       10%         4
 Irradiate                Conj/Tmut      30%        3d21      10%         5
 Monstrous Menagerie      Summ           44%        N/A       14%         7
 Summon Hydra             Summ           44%        N/A       14%         7
 Freezing Cloud           Conj/Ice/Air   26%        6-21      19%         5
 Petrify                  Tmut/Erth      29%        N/A       28%         4
 Spellforged Servitor     Conj/Summ      41%        N/A       32%         7
 Blade Hands              Tmut           20%        N/A       38%         5
 Iron Shot                Conj/Erth      26%        9d6       71%         6
 Agony                    Necr           18%        N/A       82%         5
 Dragon Form              Tmut           20%        N/A       100%        7
 Fire Storm               Conj/Fire      26%        8d7       100%        9
 Polar Vortex             Ice            26%        N/A       100%        9
 Corpse Rot               Necr/Pois/Air  Unusable   N/A       N/A         4
 Simulacrum               Ice/Necr       Unusable   N/A       N/A         6

Dungeon Overview and Level Annotations

Branches:
Dungeon (15/15)            Temple (0/1) D:7            Lair (5/5) D:10
 Shoals (0/4) Lair:3       Spider (4/4) Lair:3        Slime (0/5) Lair:5
    Orc (2/2) D:10            Elf (1/3) Orc:2        Vaults (0/5) D:13
 Depths (0/4) D:15          Sewer (visited)           IceCv (visited)
Gauntlet (visited)

Altars:
Ashenzari
Gozag
Hepliaklqana
Kikubaaqudgha
Makhleb
Ru
Vehumet
Yredelemnul
Jiyva

Shops:
D:3 (*=(   D:8 :   Orc:2 !![*

Annotations:
D:7 3 runed translucent doors, jamesblauser's ghost, weakling SpDe


Innate Abilities, Weirdness & Mutations

You have a pair of large horns on your head.
When seriously injured, your blood forms very thick armour. (AC +12)
Spells you cast may paralyse nearby enemies.


Message History

The emperor scorpion misses you.
The searing ray hits the emperor scorpion but does no damage.
The emperor scorpion is severely wounded.
The emperor scorpion barely misses you.
You block the emperor scorpion's attack.
The emperor scorpion claws you but does no damage.
The searing ray hits the emperor scorpion!
The emperor scorpion is almost dead.
The emperor scorpion stings you!!
* * * LOW HITPOINT WARNING * * *
You are lethally poisoned!
The emperor scorpion poisons you!
You block the emperor scorpion's attack.
The emperor scorpion claws you but does no damage.
Aiming: Paralyse
Press: ? - help, Shift-Dir - straight line, f/p - emperor scorpion
Aim: an emperor scorpion (almost dead, chance to affect: 17%)
Okay, then.
Casting: Searing Ray (safe; 1% risk of failure)
Confirm with . or Enter, or press ? or * to list all spells.
Restarting spell: Searing Ray (safe; 1% risk of failure)
Press: ? - help, Shift-Dir - straight line, f/p - emperor scorpion
Aim: an emperor scorpion (almost dead, 90% to hit)
The searing ray hits the emperor scorpion but does no damage.
The emperor scorpion is almost dead. (Press . to maintain the ray.) Malevolent energies surge around you.
* * * LOW HITPOINT WARNING * * *
You feel extremely sick. The emperor scorpion stings you.
* * * LOW HITPOINT WARNING * * *
You block the emperor scorpion's attack.
The emperor scorpion claws you but does no damage.
Blink to where?
Press: ? - help, Dir - move target, p - emperor scorpion
As you read the scroll of blinking, it crumbles to dust.
* * * LOW HITPOINT WARNING * * *
You feel extremely sick.
You die...
Your body crumbles into a pile of gold.

..^.)#.......## ####'''#### ##.
..............######.....######..
.............................^..#
..............#.^.#^..$^.#...#^..
#.....##.##.......####.$^....#...
.....##..^...........s...#..##...
....^#........#....#...^..^.#...[
........#.....#?...#......#...^..
#..#.#.^......#.@..#........^....
######.^......#....#.......####..
###......#....#...#.........
##.......^^....#...#...#.....
#........#.#...##.....^#.....
#...#^.........#.....##.^....
##..........#.^#.....#.......
###.....#....###^..#..^.#...
#...<....#### #..##^.#.....


There were no monsters in sight!

Vanquished Creatures
  Arachne (Spider:4)
  An emperor scorpion (Spider:3)
  3 ghost moths (Spider:4)
  A deep elf demonologist (Elf:1)
  A minotaur (Gauntlet)
  An entropy weaver (Spider:4)
  Josephine (Orc:1)
  2 hydras
  A centaur warrior (D:14)
  A boulder beetle (D:14)
  A jorogumo (Spider:3)
  A catoblepas (Lair:4)
  4 two-headed ogres
  5 radroaches
  2 death yaks (Lair:5)
  A thrashing horror (Gauntlet)
  Sonja (D:13)
  2 deep elf knights
  2 pharaoh ants (Spider:4)
  2 sixfirhies (D:11)
  2 orb spiders
  A deep elf archer (Elf:1)
  7 steelbarb worms
  2 orc knights (Orc:2)
  A lindwurm (Lair:5)
  A deep elf zephyrmancer (Elf:1)
  A wizard (D:15)
  3 deep elf pyromancers (Elf:1)
  An orc sorcerer (Orc:2)
  A manticore (D:15)
  3 cyclopes
  A moth of wrath (Spider:3)
  3 ugly things
  14 wolf spiders
  4 elephants (Lair:4)
  4 torpor snails
  7 black mambas
  8 cane toads
  A komodo dragon (Lair:4)
  An efreet (D:15)
  A demonic crawler (Spider:4)
  5 rime drakes
  2 ice devils (IceCv)
  4 trolls
  2 polar bears
  8 blink frogs
  4 meliai
  9 slime creatures
  10 tarantellas
  7 hornets
  2 tyrant leeches (Lair:5)
  10 culicivoras
  A centaur simulacrum (D:15)
  7 jumping spiders
  2 dire elephant simulacra (IceCv)
  22 yaks
  4 wraiths
  8 nameless horrors
  2 vampires
  4 wyverns
  A human (D:13)
  10 redbacks
  A basilisk (shapeshifter) (D:14)
  5 basilisks
  8 vampire mosquitoes
  3 wargs
  A harpy simulacrum (IceCv)
  4 water moccasins
  4 ice beasts
  20 orc warriors
  3 sky beasts
  3 black bears
  6 ogres
  14 wolves
  12 centaurs
  3 phantoms
  3 small abominations (Gauntlet)
  6 kobold brigands
  8 bullfrogs
  3 necrophages
  A cane toad simulacrum (IceCv)
  18 wights
  A troll zombie (D:10)
  5 killer bees (D:9)
  An elephant simulacrum (IceCv)
  8 howler monkeys
  6 electric eels
  2 gnoll boudas
  7 hounds
  3 jellies
  6 orc priests
  3 iguanas
  8 orc wizards
  4 hell rats (Lair:4)
  2 spriggan simulacra (IceCv)
  A troll simulacrum (IceCv)
  An ogre zombie (D:10)
  Robin (D:4)
  10 adders
  10 gnolls
  A shadow imp (D:7)
  3 white imps
  5 ufetubi
  4 worms
  A dart slug (D:1)
  28 orcs
  12 ball pythons
  5 bats
  11 endoplasms
  8 giant cockroaches
  18 goblins
  17 hobgoblins
  6 jackals (D:1)
  30 kobolds
  11 quokkas
  15 frilled lizards
  2 goblin skeletons (D:10)
  3 goblin zombies (D:10)
  A hobgoblin zombie (D:10)
  2 orc skeletons (D:10)
  8 orc zombies (D:10)
  5 rats
626 creatures vanquished.

Vanquished Creatures (collateral kills)
  Jorgrun (D:12)
  A ghost moth (Spider:4)
  A stone giant (D:15)
  An entropy weaver (Spider:1)
  A deep elf death mage (Elf:1)
  A fire dragon (Lair:5)
  6 vault guards (D:13)
  3 hydras
  Erolcha (Orc:2)
  Harold (D:9)
  4 boulder beetles
  2 catoblepae
  An ogre mage (D:15)
  2 jorogumos (Spider:4)
  5 two-headed ogres
  A dancing weapon (Elf:1)
  2 death yaks (Lair:5)
  A deep elf knight (Elf:1)
  2 bog bodies (IceCv)
  6 orb spiders
  A wizard (D:15)
  3 steelbarb worms
  2 deep elf archers (Elf:1)
  A lindwurm (Lair:5)
  10 deep elf zephyrmancers (Elf:1)
  An orc knight (Orc:1)
  10 deep elf pyromancers (Elf:1)
  8 wolf spiders
  4 cyclopes
  A moth of wrath (Spider:3)
  4 black mambas
  An ice statue (IceCv)
  A guardian serpent (Lair:5)
  3 rust devils (D:11)
  14 elephants
  A gargoyle (D:11)
  7 cane toads
  6 torpor snails
  5 demonic crawlers
  2 rime drakes
  An efreet (D:15)
  Psyche (D:8)
  A hellwing (D:11)
  An anaconda simulacrum (IceCv)
  2 komodo dragons
  2 trolls
  2 polar bears (Lair:5)
  13 tarantellas
  6 meliai
  A tyrant leech (Lair:5)
  3 slime creatures
  A wind drake (D:14)
  7 hornets (Lair:5)
  A dream sheep (Lair:5)
  10 blink frogs
  An air elemental (Elf:1)
  7 culicivoras
  A ynoxinul (D:11)
  4 jumping spiders
  2 shadows (D:10)
  24 yaks
  A vampire (D:12)
  A large abomination (Gauntlet)
  4 humans (D:13)
  Grum (D:8)
  A wraith (Orc:1)
  13 wyverns
  3 basilisks
  A fire elemental (Elf:1)
  A neqoxec (D:11)
  A steam dragon (D:9)
  18 redbacks
  7 vampire mosquitoes
  An acid dragon (D:13)
  A hydra simulacrum (IceCv)
  5 wargs
  17 water moccasins
  16 orc warriors
  A sky beast (D:14)
  11 wolves
  12 centaurs
  3 small abominations (Gauntlet)
  A phantom (D:10)
  4 nameless horrors
  4 bullfrogs
  An earth elemental (Elf:1)
  A cane toad simulacrum (IceCv)
  3 two-headed ogre simulacra (IceCv)
  An elephant simulacrum (IceCv)
  2 quasits (D:11)
  6 orc priests
  2 gnoll boudas
  10 orc wizards
  A polar bear simulacrum (IceCv)
  6 hell rats (Lair:4)
  6 spriggan simulacra (IceCv)
  3 troll simulacra (IceCv)
  4 wolf simulacra (IceCv)
  4 ogre zombies (D:10)
  5 naga simulacra (IceCv)
  2 gnolls (D:8)
  2 white imps (IceCv)
  6 ufetubi (IceCv)
  22 orcs
  A hobgoblin skeleton (D:10)
  2 orc zombies (D:10)
437 creatures vanquished.

Vanquished Creatures (others)
  2 deep elf knights (Elf:1)
  2 deep elf pyromancers (Elf:1)
  A human (D:13)
  An orc wizard (Orc:2)
  22 demonic plants
  28 fungi
  72 plants
128 creatures vanquished.

Grand Total: 1191 creatures vanquished

Notes
Turn   | Place    | Note
-------+----------+-------------------------------------------
     0 | D:1      | croobank the Demonspawn Conjurer began the quest for the
                  | Orb.
     0 | D:1      | Reached XP level 1. HP: 13/13 MP: 3/3
   334 | D:1      | Gained mutation: When seriously injured, your blood forms
                  | armour. (AC +12) [demonic ancestry]
   334 | D:1      | Reached XP level 2. HP: 20/20 MP: 0/5
   466 | D:1      | Learned a level 2 spell: Searing Ray
   587 | D:1      | Reached skill level 1 in Fighting
   698 | D:1      | Gained mutation: You have a pair of small horns on your
                  | head. [demonic ancestry]
   698 | D:1      | Reached XP level 3. HP: 20/26 MP: 0/6
  1007 | D:1      | Found a faded altar of an unknown god.
  2149 | D:2      | Reached XP level 4. HP: 32/32 MP: 4/7
  2153 | D:2      | Learned a level 3 spell: Dazzling Flash
  2670 | D:3      | Found Kishraasu's Weapon Emporium.
  2755 | D:3      | Found an opulent altar of Gozag.
  2771 | D:3      | Became a worshipper of Gozag Ym Sagoz the Greedy
  2957 | D:3      | Found Ferahal's Jewellery Boutique.
  3324 | D:3      | Gained mutation: When seriously injured, your blood forms
                  | thick armour. (AC +12) [demonic ancestry]
  3324 | D:3      | Reached XP level 5. HP: 25/38 MP: 0/9
  3352 | D:3      | Reached skill level 1 in Hexes
  3640 | D:3      | Found Qoutiapt's Antique Weapon Shoppe.
  3703 | D:3      | Found Asearpha's Assorted Antiques.
  3948 | D:4      | Noticed a phantom
  3962 | D:3      | Killed a phantom
  3963 | D:3      | Gained mutation: You have a pair of horns on your head.
                  | [demonic ancestry]
  3963 | D:3      | Reached XP level 6. HP: 38/44 MP: 0/10
  4660 | D:4      | Noticed Robin
  4683 | D:4      | Killed Robin
  5265 | D:4      | Reached skill level 5 in Conjurations
  5453 | D:5      | Entered Level 5 of the Dungeon
  5455 | D:5      | Identified a scroll of acquirement
  5455 | D:5      | Acquired a +5 quick blade
  5523 | D:5      | Reached XP level 7. HP: 51/51 MP: 10/12
  5914 | D:5      | Reached skill level 1 in Short Blades
  5983 | D:5      | Found a glowing drain.
  5992 | Sewer    | Entered a sewer
  6972 | D:5      | Reached XP level 8. HP: 45/58 MP: 3/13
  7523 | D:5      | Found a basalt altar of Yredelemnul.
  8431 | D:6      | Reached XP level 9. HP: 66/66 MP: 9/15
  8791 | D:6      | Reached skill level 5 in Stealth
  9135 | D:6      | Learned a level 4 spell: Iskenderun's Mystic Blast
  9821 | D:7      | Noticed jamesblauser's ghost (weakling SpDe)
  9824 | D:7      | Found a runed translucent gate.
  9824 | D:7      | Found a runed translucent gate.
  9824 | D:7      | Found a runed translucent gate.
  9825 | D:7      | Noticed a six-headed hydra
  9847 | D:7      | Found a staircase to the Ecumenical Temple.
 10047 | D:7      | Reached skill level 5 in Spellcasting
 10447 | D:7      | Reached skill level 5 in Fighting
 10447 | D:7      | Reached skill level 1 in Translocations
 10674 | D:7      | Reached skill level 5 in Dodging
 11259 | D:7      | Found a broken altar of Ashenzari.
 11259 | D:7      | Found an ancient bone altar of Kikubaaqudgha.
 11267 | D:7      | Found a burning altar of Makhleb.
 11269 | D:7      | Found a faded altar of an unknown god.
 11271 | D:7      | Found a faded altar of an unknown god.
 11358 | D:8      | Found Vayhoerch's Book Shop.
 11367 | D:8      | Bought a book of Beasts for 456 gold pieces
 11550 | D:8      | Noticed Psyche
 11558 | D:8      | Learned a level 3 spell: Frozen Ramparts
 11559 | D:8      | Paralysed by Psyche for 5 turns
 11568 | D:8      | Paralysed by something for 4 turns
 11577 | D:8      | Noticed Grum
 11580 | D:8      | Killed Psyche
 11581 | D:8      | Reached skill level 5 in Hexes
 11612 | D:8      | Killed Grum
 11613 | D:8      | Reached skill level 1 in Summonings
 11613 | D:8      | Reached XP level 10. HP: 29/74 MP: 6/18
 12140 | D:8      | Identified the +0 scale mail of the Ladybird {Rampage rF-
                  | rN+ Dex+4}
 12312 | D:8      | Reached skill level 2 in Summonings
 13061 | D:9      | Learned a level 5 spell: Summon Mana Viper
 13135 | D:9      | Reached skill level 3 in Summonings
 13494 | D:9      | Reached skill level 4 in Summonings
 13869 | D:9      | Reached skill level 5 in Summonings
 14303 | D:9      | Reached skill level 6 in Summonings
 14746 | D:9      | Acquired the ring "Siqakept" {rF+ rN+ Will+ rCorr Int-2}
 14875 | D:9      | Noticed Harold
 14885 | D:9      | Killed Harold
 14886 | D:9      | Gained mutation: Spells you cast may paralyse adjacent
                  | enemies. [demonic ancestry]
 14886 | D:9      | Reached XP level 11. HP: 80/80 MP: 14/19
 15006 | D:10     | Entered Level 10 of the Dungeon
 15036 | D:10     | Reached skill level 7 in Summonings
 15328 | D:10     | Found a staircase to the Lair.
 15489 | D:10     | Noticed a two-headed ogre
 15497 | D:10     | Killed a two-headed ogre
 15498 | D:10     | Reached skill level 8 in Summonings
 15721 | D:10     | Found a staircase to the Orcish Mines.
 16087 | D:10     | Reached skill level 9 in Summonings
 16706 | D:11     | Noticed a six-headed hydra
 16853 | D:11     | Reached skill level 10 in Summonings
 17192 | D:11     | Reached skill level 1 in Ice Magic
 17202 | D:11     | Noticed a sixfirhy
 17222 | D:11     | Killed a sixfirhy
 17378 | D:11     | Killed a six-headed hydra
 17666 | D:11     | Noticed a two-headed ogre
 17678 | D:11     | Killed a two-headed ogre
 17731 | D:11     | Noticed a sixfirhy
 17742 | D:11     | Killed a sixfirhy
 17902 | D:11     | Reached XP level 12. HP: 89/89 MP: 16/21
 18003 | D:11     | Reached skill level 5 in Short Blades
 18557 | Lair:1   | Entered Level 1 of the Lair of Beasts
 18564 | Lair:1   | Learned a level 4 spell: Summon Ice Beast
 19089 | Lair:1   | Noticed a five-headed hydra
 19130 | Lair:1   | Killed a five-headed hydra
 19267 | Lair:1   | Found a hazy altar of Hepliaklqana.
 20274 | Lair:2   | Found a frozen archway.
 20309 | IceCv    | Entered an ice cave
 23031 | Lair:2   | Reached skill level 5 in Translocations
 23208 | Lair:2   | Gained mutation: When seriously injured, your blood forms
                  | very thick armour. (AC +12) [demonic ancestry]
 23208 | Lair:2   | Reached XP level 13. HP: 65/98 MP: 3/23
 23362 | Lair:2   | Identified the amulet of the Firefly {RegenMP rElec rC+
                  | Will+}
 24906 | Lair:3   | Found a staircase to the Shoals.
 25128 | Lair:3   | Found a hole to the Spider Nest.
 25336 | Lair:4   | Found a gate leading to a gauntlet.
 25359 | Gauntlet | Entered a Gauntlet
 25359 | Gauntlet | Found a large runed translucent door.
 25359 | Gauntlet | Found a large runed translucent door.
 25359 | Gauntlet | Found a large runed translucent door.
 25359 | Gauntlet | Found a large runed translucent door.
 25359 | Gauntlet | Found a large runed translucent door.
 25359 | Gauntlet | Found a large runed translucent door.
 25359 | Gauntlet | Found a large runed translucent door.
 25359 | Gauntlet | Found a large runed translucent door.
 25359 | Gauntlet | Found a runed translucent door.
 25359 | Gauntlet | Found a runed translucent gate.
 25359 | Gauntlet | Found a transporter.
 25359 | Gauntlet | Found a transporter.
 25359 | Gauntlet | Found a runed translucent gate.
 25359 | Gauntlet | Found a transporter.
 25361 | Gauntlet | Found a runed translucent door.
 25361 | Gauntlet | Found a runed translucent gate.
 25365 | Gauntlet | Found a large runed translucent door.
 25365 | Gauntlet | Found a large runed translucent door.
 25365 | Gauntlet | Found a large runed translucent door.
 25365 | Gauntlet | Found a large runed translucent door.
 25366 | Gauntlet | Found a large runed translucent door.
 25366 | Gauntlet | Found a large runed translucent door.
 25367 | Gauntlet | Found a large runed translucent door.
 25367 | Gauntlet | Found a large runed translucent door.
 25371 | Gauntlet | Found a transporter.
 25382 | Gauntlet | Found a transporter.
 25397 | Gauntlet | Found a transporter.
 25409 | Gauntlet | Found a transporter.
 25423 | Gauntlet | Found a transporter.
 25429 | Gauntlet | Found a transporter.
 25452 | Gauntlet | Found a transporter.
 25452 | Gauntlet | Found a transporter.
 25453 | Gauntlet | Found a transporter.
 25590 | Gauntlet | Learned a level 2 spell: Wereblood
 26266 | Gauntlet | Identified the +4 fire dragon scales of the Decaying Grue
                  | {Fly rElec rF++ rC- Will+ Slay-5}
 26266 | Gauntlet | Noticed a minotaur
 26287 | Gauntlet | Killed a minotaur
 26300 | Gauntlet | Identified the -2 tower shield "Kidy" {Drain rF+ rN+}
 26306 | Gauntlet | Identified the ring "Vanleifi" {rC- Str+6 Int+3 Slay-5
                  | Stlth+}
 26717 | Lair:4   | Reached skill level 5 in Ice Magic
 26742 | Lair:4   | Reached skill level 11 in Summonings
 27615 | Lair:4   | Reached skill level 1 in Transmutations
 28055 | Lair:5   | Entered Level 5 of the Lair of Beasts
 28234 | Lair:5   | Reached XP level 14. HP: 71/106 MP: 14/26
 28920 | Lair:5   | Identified the +2 scale mail of Words of Power {rPois
                  | Will+}
 29648 | Lair:5   | Found a viscous altar of Jiyva.
 29649 | Lair:5   | Found a staircase to the Slime Pits.
 30334 | Lair:5   | Found a runed translucent door.
 30865 | Lair:5   | Paralysed by a hornet for 2 turns
 31455 | Lair:5   | Paralysed by a hornet for 2 turns
 31822 | Lair:5   | Reached skill level 12 in Summonings
 32431 | D:8      | Bought a book of Scorching for 360 gold pieces
 32438 | D:8      | Learned a level 6 spell: Summon Cactus Giant
 32561 | Orc:1    | Entered Level 1 of the Orcish Mines
 32964 | Orc:1    | You fall into a shaft and drop 1 floor!
 32964 | Orc:2    | Entered Level 2 of the Orcish Mines
 32964 | Orc:2    | Noticed Erolcha
 32964 | Orc:2    | Found Kimaag's General Store.
 32964 | Orc:2    | Found Peapoyd's Armour Emporium.
 32964 | Orc:2    | Found Kewk's Distillery.
 32964 | Orc:2    | Found Pukisenu's Distillery.
 32972 | Orc:2    | Reached XP level 15. HP: 94/115 MP: 18/28
 33599 | Orc:2    | Noticed Josephine
 34126 | Orc:2    | Found a staircase to the Elven Halls.
 34137 | Orc:2    | Found a burning altar of Makhleb.
 34477 | Orc:1    | Killed Josephine
 35528 | Orc:2    | Killed Erolcha
 35751 | Orc:2    | Reached skill level 10 in Fighting
 36181 | Orc:2    | Bought a potion of berserk rage for 65 gold pieces
 36181 | Orc:2    | Bought a potion of heal wounds for 65 gold pieces
 36181 | Orc:2    | Bought a potion of heal wounds for 65 gold pieces
 36181 | Orc:2    | Bought a potion of might for 52 gold pieces
 36181 | Orc:2    | Bought a potion of curing for 39 gold pieces
 36181 | Orc:2    | Bought a potion of curing for 39 gold pieces
 36181 | Orc:2    | Bought a potion of curing for 39 gold pieces
 36185 | Orc:2    | Bought a potion of invisibility for 112 gold pieces
 36195 | Orc:2    | Bought a potion of haste for 180 gold pieces
 36195 | Orc:2    | Bought a potion of brilliance for 72 gold pieces
 36522 | Elf:1    | Entered Level 1 of the Elven Halls
 36578 | Elf:1    | Found a radiant altar of Vehumet.
 38138 | Elf:1    | Identified the +0 leather armour of Qublunusch {Fly rC++
                  | Regen+ Str-3}
 38156 | Elf:1    | Noticed a Hell Sentinel
 38168 | Elf:1    | Reached skill level 10 in Conjurations
 38236 | Elf:1    | Noticed an Executioner
 38774 | D:12     | Reached skill level 10 in Spellcasting
 38950 | D:12     | Reached skill level 10 in Dodging
 39023 | D:12     | Got the Discursus on Necromancy and Outbursts
 39375 | D:12     | Noticed Jorgrun
 39393 | D:12     | Killed Jorgrun
 39394 | D:12     | Reached skill level 13 in Summonings
 39903 | D:13     | Noticed Sonja
 39909 | D:13     | Killed Sonja
 40196 | D:13     | Found a gate to the Vaults.
 40304 | D:13     | Gained mutation: You have a pair of large horns on your
                  | head. [demonic ancestry]
 40304 | D:13     | Reached XP level 16. HP: 111/125 MP: 19/30
 40438 | D:13     | Reached skill level 1 in Shields
 40444 | D:13     | Acquired 521 gold pieces
 41934 | D:14     | Learned a level 3 spell: Mephitic Cloud
 41943 | D:14     | Found a sacrificial altar of Ru.
 42348 | D:15     | Entered Level 15 of the Dungeon
 43082 | D:15     | Found a staircase to the Depths.
 43557 | Spider:1 | Entered Level 1 of the Spider Nest
 44333 | Spider:1 | Reached skill level 5 in Shields
 45789 | Spider:3 | Paralysed by a jorogumo for 2 turns
 46776 | Spider:3 | Reached skill level 14 in Summonings
 47239 | Spider:3 | Acquired the +2 shield of Resistance {rF++ rC++ Will++}
 47239 | Spider:3 | Found the +2 shield of Resistance {rF++ rC++ Will++}
 47928 | D:3      | Bought a throwing net for 42 gold pieces
 48276 | Spider:3 | Found the +1 Delatra's gloves {ID++}
 48580 | D:3      | Bought a potion of cancellation for 184 gold pieces
 48580 | D:3      | Bought a scroll of enchant armour for 172 gold pieces
 48580 | D:3      | Bought a scroll of blinking for 172 gold pieces
 48852 | Spider:4 | Entered Level 4 of the Spider Nest
 49355 | Spider:4 | Noticed Arachne
 49392 | Spider:4 | Gained mutation: Spells you cast may paralyse nearby
                  | enemies. [demonic ancestry]
 49392 | Spider:4 | Reached XP level 17. HP: 125/135 MP: 3/31
 49397 | Spider:4 | Killed Arachne
 50461 | Spider:4 | Identified the +6 falchion of Ash {drain, Will+ Str+2}
 52188 | Orc:2    | Bought the +2 robe "Voerhilu" {+Inv Int+3 Dex+3} for 410
                  | gold pieces
 53078 | Spider:4 | HP: 3/111 [poisoned by an emperor scorpion]
 53079 | Spider:4 | Succumbed to an emperor scorpion's poison

Illustrated notes

Levels and vault maps discovered:
D:1:      dpeg_arrival_refuge, layout_loops_ring,
          chequers_ecumenical_altar_grove,
          nicolae_concentric_dashed_squares_mild, kennysheep_crisscross,
          minmay_pentomino_z4
D:2:      layout_loops_ring
D:3:      minmay_wonky_spiral, layout_loops_ring,
          nicolae_overflow_crystal_walls, serial_shops, shop_fountains,
          shop_fountains, shop, nicolae_shop_bloodbath_and_beyond
D:4:      minmay_angry_zag, layout_rooms, uniq_robin
D:5:      layout_rooms, nicolae_overflow_hidden_temple,
          cheibrodos_sewer_entry_bend, feat_on_display
D:6:      layout_basic
D:7:      layout_loops_corners, chequers_temple_overflow_minitemple,
          minmay_temple_entry_ruins, gammafunk_ghost_split
D:8:      layout_basic, serial_shops, nicolae_lakefront_shop, enter_bailey_3,
          nrook_pool_corridor, minmay_misc_feat_enclosed, uniq_grum, uniq_psyche
D:9:      layout_irregular_city, minmay_chambers_of_fives, uniq_harold
D:10:     layout_roguey, erik_lair_orcish_takeover, zombieorc1_lemuel
D:11:     layout_cave_pools, serial_demonic, serial_demonic_a, serial_demonic_e,
          serial_demonic_d, serial_demonic_c
D:12:     layout_basic, uniq_jorgrun
D:13:     layout_layer_cave, ximxim_vaults_locker_room, uniq_sonja
D:14:     layout_loops_ring, nicolae_ru_the_path_less_chosen,
          dreamdust_looks_like_rain
D:15:     grunt_enter_depths_giant_problem, layout_basic
Lair:1:   layout_gridlike, basic_altar
Lair:2:   layout_cave_pods, portal_ice_cave_rime
Lair:3:   layout_misc_corridors, elwin_shoals_entry_rooms,
          spider_nest_entry_web_field, nzn_sisyphean_effort
Lair:4:   layout_roguey, gauntlet_entry_generic, special_room
          [special_room_mythical_zoo], nicolae_volcano_entry_lava_flow,
          dreamdust_gnoll_shepherd, lemuel_fruit_fields
Lair:5:   wormcave, layout_regular_city, hangedman_lair_tendril_chambers,
          slime_entry_1, minmay_stone_trees_small, hangedman_lair_generics_rect
Spider:1: layout_spider_delve, nicolae_spider_spiderdrome
Spider:2: layout_spider_delve, hangedman_spider_tarantella_strand
Spider:3: layout_spider_delve
Spider:4: johnstein_spider_rune_arachne_lair
Orc:1:    layout_caves
Orc:2:    st_orc_rangers, layout_caves, bloody_makhleb, uniq_erolcha,
          uniq_josephine
Elf:1:    eino_elf_arrival_altar, layout_loops_ring, serial_shops,
          nicolae_shop_trees, shop, hangedman_elf_represent

Skill      XL: |  1  2  3  4  5  6  7  8  9 10 11 12 13 14 15 16 17 |
---------------+----------------------------------------------------+-----
Stealth        | 2 3 4 5 |  5.8
Dodging        | 2 3 4 5 6 7 8 10 11 12 | 12.2
Fighting       | 1 2 3 4 5 6 7 8 9 11 12 13 | 13.2
Hexes          | 1 2 4 5 7 8 |  8.0
Spellcasting   | 3 4 5 6 7 8 9 10 | 10.0
Conjurations   | 5 6 7 9 10 | 10.0
Short Blades   | 1 2 3 4 6 7 8 |  8.0
Translocations | 2 3 5 7 |  7.0
Summonings     | 1 6 10 11 12 13 14 | 14.0
Ice Magic      | 2 4 5 |  5.0
Transmutations | 2 3 |  3.0
Shields        | 6 8 |  8.0

Action                   |  1- 3 |  4- 6 |  7- 9 | 10-12 | 13-15 | 16-18 || total
-------------------------+-------+-------+-------+-------+-------+-------++-------
Melee: Short sword       |     2 |    67 |       |       |       |       ||    69
       Headbutt          |       |    10 |    12 |    70 |   239 |   114 ||   445
       Quick blade       |       |       |    85 |   293 |   846 |   416 ||  1640
       Unarmed           |       |       |     5 |       |       |       ||     5
       Punch             |       |       |       |     3 |    15 |       ||    18
 Fire: Sling             |    56 |     3 |     4 |       |       |       ||    63
Throw: Throwing net      |       |       |       |       |     4 |       ||     4
       Javelin           |       |       |       |       |     1 |     1 ||     2
 Cast: Magic Dart        |    38 |    53 |    73 |   118 |    25 |    23 ||   330
       Searing Ray       |    12 |    24 |    70 |   105 |    74 |    45 ||   330
       Dazzling Flash    |       |     2 |     3 |       |     2 |     1 ||     8
       Frozen Ramparts   |       |       |     2 |     2 |     4 |       ||     8
       Summon Mana Viper |       |       |       |    75 |   161 |    68 ||   304
       Iskenderun's Myst |       |       |       |     6 |     7 |    15 ||    28
       Summon Ice Beast  |       |       |       |    32 |   136 |    50 ||   218
       Wereblood         |       |       |       |       |     4 |     1 ||     5
       Summon Cactus Gia |       |       |       |       |    42 |    42 ||    84
Invok: Potion Petition   |       |       |       |     1 |     1 |     2 ||     4
 Abil: Evoke Invisibilit |       |       |       |       |       |     1 ||     1
Evoke: Wand              |       |       |       |     1 |     2 |     3 ||     6
       Phantom mirror    |       |       |       |       |       |     1 ||     1
  Use: Scroll            |     3 |     3 |     5 |    17 |    14 |     7 ||    49
       Potion            |       |     1 |     1 |     5 |     5 |    11 ||    23
 Stab: Sleeping          |       |     1 |     6 |     5 |     3 |     7 ||    22
       Invisible         |       |     2 |     1 |       |     9 |     3 ||    15
       Distracted        |       |       |       |     6 |    11 |     3 ||    20
       Paralysed         |       |       |       |    19 |    36 |    40 ||    95
       Petrified         |       |       |       |       |     8 |       ||     8
       Held in net/web   |       |       |       |       |     1 |       ||     1
Armor: Robe              |    15 |    13 |    16 |       |       |    18 ||    62
       Leather armour    |       |       |    18 |   102 |   166 |   147 ||   433
       Skin              |       |       |     4 |     5 |       |       ||     9
Dodge: Dodged            |    43 |    54 |    85 |   228 |   466 |   216 ||  1092
Block: Kite shield       |       |       |       |       |     1 |   241 ||   242
